 Dungeon Crawl Stone Soup version 0.15.1-3-g1b33baa (webtiles) character file.

148 Hodglim the Ruinous (level 5, -7/31 HPs)
             Began as a High Elf Conjurer on Oct 7, 2014.
             Mangled by an orc warrior
             ... wielding a +0 hand axe
              (16 damage)
             ... on Level 3 of the Dungeon on Oct 8, 2014.
             The game lasted 00:12:48 (2278 turns).

Hodglim the Ruinous (High Elf Conjurer)             Turns: 2278, Time: 00:12:48

HP  -7/31        AC  4     Str  7      XL: 5   Next:  8%
MP   7/16        EV 10     Int 19      God:
Gold 121         SH  0     Dex 16      Spells:  2 memorised, 10 levels left

rFire  . . .     SeeInvis .     f - +1 dagger
rCold  . . .     Clarity  .     h - +1 leather armour
rNeg   . . .     rCorr    .     (no shield)
rPois  .         rRot     .     (no helmet)
rElec  .         Spirit   .     (no cloak)
SustAb .         Warding  .     (no gloves)
rMut   .         Stasis   .     (no boots)
Gourm  .                        (no amulet)
MR     .....                    (no ring)
                                (no ring)

@: not resistant to hostile enchantments, unstealthy
A: no striking features
a: no special abilities


You were on level 3 of the Dungeon.
You were not hungry.

You visited 1 branch of the dungeon, and saw 3 of its levels.

You collected 121 gold pieces.

Inventory:

Hand weapons
 f - a +1 dagger (weapon)
 g - a -3 spear
 p - a +3 quarterstaff of chaos
Armour
 h - a +1 leather armour (worn)
 q - a +0 cloak
Magical devices
 m - a wand of fireball (6) {unknown}
Comestibles
 b - 2 bread rations
 d - 3 meat rations
 j - a royal jelly
 k - a beef jerky
Scrolls
 n - 2 scrolls of identify {unknown}
 t - a scroll of fog {unknown}
Jewellery
 a - an uncursed ring of invisibility {unknown}
Potions
 i - a potion of might {unknown}
 r - a potion of lignification {unknown}
Books
 c - a book of Conjurations

   Spells                             Type                      Level
   *Magic Dart                        Conjuration                  1
   *Searing Ray                       Conjuration                  2
   Dazzling Spray                     Conjuration/Hexes            3
   Fulminant Prism                    Conjuration/Hexes            4
   Iskenderun's Mystic Blast          Conjuration                  4
   Iskenderun's Battlesphere          Conjuration/Charms           5


   Skills:
 - Level 2.1 Dodging
 - Level 2.1 Stealth
 + Level 4.5 Spellcasting
 + Level 5.8 Conjurations


You had 10 spell levels left.
You knew the following spells:

 Your Spells              Type           Power        Failure   Level  Hunger
a - Magic Dart            Conj           ####         1%          1    None
b - Searing Ray           Conj           ####..       1%          2    #......


Dungeon Overview and Level Annotations

Branches:
Dungeon (3/15)

Altars:


Message History

Casting: Magic Dart
Confirm with . or Enter, or press ? or * to list all spells.
Aiming: Magic Dart
Press: ? - help, Shift-Dir - straight line, f/p - orc warrior
Aim: an orc warrior, wielding a hand axe and wearing a plate armour The magic dart hits the orc warrior.
The orc warrior is lightly wounded.
The orc warrior hits you with a hand axe!
* * * LOW HITPOINT WARNING * * *
An orc priest comes into view.
Casting: Magic Dart
Confirm with . or Enter, or press ? or * to list all spells.
Aiming: Magic Dart
Press: ? - help, Shift-Dir - straight line, f/p - orc warrior
Aim: an orc warrior, wielding a hand axe and wearing a plate armour (lightly wounded)
The magic dart hits the orc warrior.
The orc warrior is moderately wounded.
The orc warrior hits you with a hand axe!
Ouch! That really hurt!
You die...

#............##
#.#
#.........####
..# ##.....####
...# #####.###
.... #...#
....# #.#.#####
..# #.#.##o.
#.#$##o#
#.#.##@#######o
#.#.##.o...oo..
#.#.##########.
#.#.# #.#.#
#.#.####
#......#
##.#.#.####
#...# ...


You could see an orc warrior, an orc priest, an orc wizard and 2 orcs.

Vanquished Creatures
  A crimson imp (D:3)
  Crazy Yiuf (D:2)
  Jessica (D:2)
  An adder (D:2)
  A giant mite (D:3)
  3 worms
  2 orcs (D:3)
  5 giant cockroaches
  7 hobgoblins
  A quokka (D:2)
  4 bats
  4 goblins
  2 kobolds (D:3)
  6 rats
39 creatures vanquished.

Notes
Turn   | Place    | Note
--------------------------------------------------------------
     0 | D:1      | Hodglim, the High Elf Conjurer, began the quest for the Orb.
     0 | D:1      | Reached XP level 1. HP: 11/11 MP: 4/4
   874 | D:1      | Reached XP level 2. HP: 17/17 MP: 4/6
  1244 | D:2      | Noticed Jessica
  1248 | D:2      | Killed Jessica
  1248 | D:2      | Reached skill level 5 in Conjurations
  1248 | D:2      | Reached XP level 3. HP: 21/21 MP: 1/10
  1334 | D:2      | Learned a level 2 spell: Searing Ray
  1576 | D:2      | Noticed Crazy Yiuf
  1924 | D:2      | Killed Crazy Yiuf
  1924 | D:2      | Reached XP level 4. HP: 11/27 MP: 7/14
  2232 | D:3      | Reached XP level 5. HP: 31/31 MP: 12/16
  2275 | D:3      | Noticed an orc warrior
  2278 | D:3      | Mangled by an orc warrior

Action                   |  1- 3 |  4- 6 || total
-------------------------+-------+-------++-------
Melee: Spear             |     6 |       ||     6
 Cast: Magic Dart        |    72 |    26 ||    98
       Searing Ray       |     1 |     1 ||     2
  Use: Scroll            |       |     4 ||     4
  Eat: Chunk             |     3 |     1 ||     4
